Map: Templo Congelado

Players

PwTelivolts

  • Race: Terran Terran
  • League: Master

TheZergLord - Winner!

  • Race: Zerg Zerg
  • League: Master

VOD

Have the link to the VOD?

Description

Time

  • Played on: May 23, 2016, 8 a.m.
  • Length: 6:52
Show
View Real Time Build Order
Export as new Build Order

PwTelivolts Terran 

Build Orders: Command Center First (CC), Liberator Opening 

Get SALT Encoding   

  12  0:00  SCV  
  13  0:12  SCV  
  14  0:17  Supply Depot  
  14  0:25  SCV  
  15  0:39  SCV  
  16  0:51  SCV  
  17  1:03  SCV  
  18  1:05  Command Center  
  18  1:15  SCV  
  19  1:21  Refinery  
  19  1:27  Barracks  
  19  1:28  SCV  
  20  1:41  SCV  
  20  1:44  Refinery  
  21  2:00  SCV  
  22  2:17  Orbital Command  
  22  2:18  Orbital Command  
  22  2:20  Reaper  
  23  2:26  Factory  
  23  2:43  SCV  
  24  2:46  SCV  
  25  2:55  SCV  
  25  2:57  Barracks Tech Lab  
  25  2:58  SCV  
  27  3:05  Command Center  
  27  3:07  SCV  
  28  3:14  Starport  
  28  3:22  SCV x2  
  28  3:25  Siege Tank  
  33  3:27  Barracks Reactor  
  33  3:34  SCV  
  33  3:36  Liberator  
  33  3:37  Barracks  
  34  3:45  SCV  
  35  3:51  Supply Depot  
  38  4:13  SCV x2  
  38  4:14  Barracks Tech Lab  
  39  4:18  Orbital Command  
  39  4:20  Siege Tank  
  42  4:25  SCV  
  42  4:27  Supply Depot  
  42  4:28  SCV  
  44  4:33  Engineering Bay  
  44  4:34  Engineering Bay  
  44  4:37  SCV  
  45  4:38  Marine  
  45  4:39  Marine  
  45  4:40  Stimpack, Marine  
  45  4:44  Starport Reactor  
  48  4:45  SCV  
  48  4:46  SCV  
  48  4:49  SCV  
  48  4:50  Refinery x2, Supply Depot  
  51  4:58  SCV x2, Marine x2  
  55  5:01  SCV  
  56  5:10  SCV x2, Supply Depot  
  56  5:11  Marine  
  56  5:14  SCV  
  60  5:15  Siege Tank  
  60  5:16  Marine x2  
  60  5:19  Supply Depot  
  65  5:21  Orbital Command  
  65  5:28  Medivac  
  65  5:29  Marine  
  65  5:34  Marine  
  62  5:50  Marine  
  62  5:51  Siege Tank, Marine  
  62  5:52  Marine  
  62  5:57  Medivac  
  63  6:11  Marine  
  53  6:12  Marine  
  39  6:23  Marine  
  28  6:30  Marine  
  28  6:31  SCV x3  
Show
View Real Time Build Order
Export as new Build Order

TheZergLord Zerg - Winner!

Build Orders: Hatch First 

Get SALT Encoding   

  12  0:01  Drone  
  13  0:13  Overlord  
  13  0:19  Drone  
  14  0:34  Drone x2  
  16  0:36  Drone  
  17  0:53  Hatchery  
  17  0:56  Drone  
  17  1:09  Spawning Pool  
  16  1:14  Drone  
  16  1:15  Extractor  
  16  1:19  Drone  
  16  1:22  Drone  
  18  1:34  Drone  
  19  1:41  Overlord  
  19  1:56  Queen  
  19  1:57  Zergling x2  
  22  2:03  Zergling x2  
  22  2:05  Queen  
  22  2:06  Zergling x2  
  26  2:12  Drone  
  27  2:17  Metabolic Boost  
  27  2:20  Drone  
  28  2:24  Drone  
  29  2:38  Drone x3  
  32  2:47  Hatchery  
  31  2:53  Queen  
  33  3:02  Overlord  
  33  3:03  Drone x2  
  35  3:16  Drone  
  35  3:23  Drone x3  
  35  3:24  Overlord  
  35  3:26  Drone x4  
  42  3:38  Drone x2  
  44  3:45  Drone  
  49  3:52  Roach Warren  
  49  3:53  Extractor  
  49  3:55  Extractor  
  42  3:57  Overlord  
  42  3:58  Drone x3  
  42  4:00  Overlord x3  
  45  4:33  Roach  
  45  4:34  Roach x7  
  45  4:35  Zergling x2  
  45  4:36  Zergling x10  
  67  4:43  Roach x3  
  67  4:44  Zergling x2  
  74  4:55  Drone, Spore Crawler  
  74  4:56  Spore Crawler  
  74  4:57  Drone  
  74  4:59  Zergling x4  
  77  5:00  Zergling x2  
  77  5:01  Zergling x2  
  77  5:03  Zergling x2  
  79  5:09  Zergling x6  
  79  5:12  Ravager x2  
  79  5:22  Ravager  
  79  5:23  Ravager  
  79  5:25  Zergling x2  
  65  5:55  Drone x13  
  71  6:14  Drone  
  71  6:15  Drone x5  
  69  6:29  Drone  
  69  6:30  Drone x5  
  69  6:31  Drone x4  
  71  6:35  Drone  
  71  6:36  Drone  
Tags
 
Add a new tag
Caveats
  • Supply blocks, unpowered buildings, or Contaminate may cause inaccurate times.
  • Supply counts are checked every 10 seconds.